 Dungeon Crawl Stone Soup version 0.20-a0-1116-gaa52201 (webtiles) character file.

149 Monsterracer the Digger (level 5, -1/28 HPs)
             Began as a Gargoyle Earth Elementalist on May 8, 2017.
             Was a Follower of Vehumet.
             Slain by a gnoll
             ... wielding a +0 halberd
              (16 damage)
             ... on level 2 of the Dungeon.
             The game lasted 00:06:09 (2518 turns).

Monsterracer the Digger (GrEE)                      Turns: 2518, Time: 00:06:10

Health: -1/28      AC:  7    Str: 11    XL:     5   Next: 31%
Magic:  0/9        EV: 12    Int: 17    God:    Vehumet [*.....]
Gold:   190        SH:  0    Dex: 12    Spells: 3/10 levels left

rFire    . . .     SeeInvis .   a - +0 mace
rCold    . . .     Gourm    .   (no shield)
rNeg     + . .     Faith    .   c - +0 robe
rPois    ∞         Spirit   .   (no helmet)
rElec    +         Reflect  .   l - +0 cloak
rCorr    .         Harm     .   (no gloves)
MR       .....                  (no boots)
Stlth    ++........             (no amulet)
Regen    0.5/turn               (no ring)
MPRegen  0.2/turn               (no ring)

@: very slightly contaminated
A: thin skeletal structure 1, negative energy resistance 1, sense surroundings
1, regeneration 1, screaming 1, electricity resistance, unbreathing,
petrification resistance, rot immunity, AC +4
a: Renounce Religion


You were on level 2 of the Dungeon.
You worshipped Vehumet.
Vehumet was aware of your devotion.
You were hungry.

You visited 1 branch of the dungeon, and saw 3 of its levels.

You collected 190 gold pieces.

Inventory:

Hand Weapons
 a - a +0 mace (weapon)
Missiles
 b - 157 stones (quivered)
Armour
 c - a +0 robe (worn)
 h - a +0 buckler
 l - a +0 cloak (worn)
Scrolls
 f - a scroll of fog {unknown}
 g - a scroll of remove curse {unknown}
 j - a scroll of magic mapping {unknown}
 n - a scroll of identify {unknown}
Potions
 k - a potion of curing
 o - a potion of mutation
Books
 e - a book of Geomancy

   Spells                             Type                      Level
   a - Sandblast                      Earth                        1
   b - Passwall                       Transmutation/Earth          2
   c - Stone Arrow                    Conjuration/Earth            3
   d - Petrify                        Transmutation/Earth          4
   e - Lee's Rapid Deconstruction     Earth                        5
Comestibles
 d - a bread ration
 i - a meat ration


   Skills:
 - Level 2.0 Maces & Flails
 - Level 1.5 Dodging
 - Level 2.1 Stealth
 + Level 3.0 Spellcasting
 + Level 1.3 Conjurations
 - Level 0.7 Transmutations
 * Level 5.3 Earth Magic


You had 3 spell levels left.
You knew the following spells:

 Your Spells              Type           Power        Failure   Level  Hunger
a - Sandblast             Erth           ###...       1%          1    None
b - Passwall              Tmut/Erth      ##........   8%          2    ##.....
c - Stone Arrow           Conj/Erth      ##....       13%         3    ###....
d - Magic Dart            Conj           #...         10%         1    None


Dungeon Overview and Level Annotations

Branches:
Dungeon (3/15)

Altars:
Hepliaklqana
Kikubaaqudgha
Qazlal
Trog
Vehumet
Wu Jian


Innate Abilities, Weirdness & Mutations

You are resistant to torment.
Your stone body is resilient. (AC +4)
You are immune to poison.
You resist negative energy. (rN+)
You are resistant to electric shocks. (rElec)
You can survive without breathing.
You are immune to petrification.
You are immune to rotting.
You have a somewhat thin skeletal structure. (Dex +2, Stealth)
You passively map a small area around you.
Your natural rate of healing is unusually fast.
You occasionally shout uncontrollably at your foes.


Message History

Casting: Stone Arrow
Confirm with . or Enter, or press ? or * to list all spells.
Aiming: Stone Arrow
Press: ? - help, Shift-Dir - straight line, f/p - gnoll
Aim: a gnoll, wielding a halberd The stone arrow hits the gnoll.
The gnoll is heavily wounded.
You are feeling hungry.
Casting: Stone Arrow
Confirm with . or Enter, or press ? or * to list all spells.
Aiming: Stone Arrow
Press: ? - help, Shift-Dir - straight line, f/p - gnoll
Aim: a gnoll, wielding a halberd (heavily wounded)
The stone arrow misses the gnoll.
The gnoll closely misses you. The gnoll hits you with a halberd!
You climb upwards.
There is a stone staircase leading down here.
The gnoll hits you from afar with a halberd!
Ouch! That really hurt!
You die...

#####.....
#≈.....≈≈≈
#.≈≈≈.≈.≈.
#.≈≈≈≈≈≈≈≈
#.≈≈≈≈≈≈≈≈
#≈.≈≈≈≈≈≈≈
#..≈≈≈♣≈♣≈
#########.≈≈≈≈♣_≈≈
##@.......≈.≈≈≈♣.≈≈
##>).........≈≈≈≈≈≈≈
#.g.#.#.....≈≈≈≈≈≈≈≈
#..##..).##)≈≈≈≈≈≈≈≈
#........##.....≈..≈
##.#####......≈.≈..≈
#.....#....#.######
#.#.....##.#.# #
#.#<#.####.#.# #


You could see a gnoll.

Vanquished Creatures
  An orc wizard (D:3)
  4 gnolls
  An adder (D:2)
  4 dart slugs
  5 orcs (D:3)
  9 bats
  2 giant cockroaches (D:1)
  7 goblins
  5 hobgoblins (D:1)
  4 jackals
  3 quokkas
  3 frilled lizards (D:1)
  12 kobolds
  3 rats
63 creatures vanquished.

Notes
Turn   | Place    | Note
-------+----------+-------------------------------------------
     0 | D:1      | Monsterracer the Gargoyle Earth Elementalist began the quest for the Orb.
     0 | D:1      | Reached XP level 1. HP: 10/10 MP: 3/3
   134 | D:1      | Reached skill level 1 in Maces & Flails
   134 | D:1      | Reached skill level 4 in Earth Magic
   134 | D:1      | Reached XP level 2. HP: 7/15 MP: 1/5
   146 | D:1      | Learned a level 2 spell: Passwall
   436 | D:1      | Reached XP level 3. HP: 16/19 MP: 4/6
   790 | D:1      | You fall through a shaft!
   805 | D:2      | Learned a level 3 spell: Stone Arrow
   836 | D:2      | Found a hazy altar of Hepliaklqana.
   843 | D:2      | Found a faded altar of an unknown god.
   971 | D:2      | Gained mutation: You passively map a small area around you. [potion of mutation]
   971 | D:2      | Gained mutation: You occasionally shout uncontrollably at your foes. [potion of mutation]
   971 | D:2      | Gained mutation: You have a somewhat thin skeletal structure. (Dex +2, Stealth) [potion of mutation]
   971 | D:2      | Gained mutation: Your natural rate of healing is unusually fast. [potion of mutation]
  1215 | D:2      | Found an ancient bone altar of Kikubaaqudgha.
  1217 | D:2      | Found a radiant altar of Vehumet.
  1217 | D:2      | Found a bloodstained altar of Trog.
  1219 | D:2      | Found a stormy altar of Qazlal.
  1223 | D:2      | Reached XP level 4. HP: 24/24 MP: 7/7
  1224 | D:2      | Found an ornate altar of the Wu Jian Council.
  1227 | D:2      | Became a worshipper of Vehumet
  1906 | D:3      | Noticed a phantom
  2126 | D:3      | Reached skill level 1 in Conjurations
  2126 | D:3      | Reached skill level 5 in Earth Magic
  2256 | D:3      | Reached XP level 5. HP: 27/28 MP: 7/9
  2340 | D:2      | Reached * piety under Vehumet
  2340 | D:2      | Offered knowledge of Magic Dart by Vehumet.
  2360 | D:2      | Learned a level 1 spell: Magic Dart
  2518 | D:2      | Slain by a gnoll

Vault maps used:
D:1:      evilmike_arrival_fibonacci_small, minmay_cut_off
D:2:      nicolae_overflow_crystal_walls, grunt_temple_overflow_open,
          chequers_ecumenical_altar_island

Skill      XL: |  1  2  3  4  5 |
---------------+----------------+-----
Maces & Flails | 1 2 |  2.0
Earth Magic    | 4 5 |  5.3
Conjurations   | 1 |  1.3
Spellcasting   | 3 |  3.0
Dodging        | |  1.5
Stealth        | |  2.1
Transmutations | |  0.7

Action                   |  1- 3 |  4- 6 || total
-------------------------+-------+-------++-------
Melee: Mace              |    76 |    80 ||   156
 Cast: Sandblast         |    13 |    20 ||    33
       Stone Arrow       |       |     9 ||     9
  Use: Potion            |     6 |       ||     6
 Stab: Sleeping          |     3 |       ||     3
  Eat: Chunk             |     1 |     5 ||     6
Armor: Robe              |    25 |    37 ||    62
Dodge: Dodged            |    75 |    82 ||   157
